 Dungeon Crawl Stone Soup version 0.14-a0-3424-g5348755 (webtiles) character file.

198 Kae the Firebug (level 4, -3/24 HPs)
             Began as a Tengu Fire Elementalist on Mar 22, 2014.
             Slain by a centaur (4 damage)
             ... on Level 3 of the Dungeon.
             The game lasted 00:04:03 (3050 turns).

Kae the Firebug (Tengu Fire Elementalist)           Turns: 3050, Time: 00:04:03

HP  -3/24        AC  3     Str  9      XL: 4   Next: 83%
MP   4/9         EV 12     Int 16      God:
Gold 93          SH  0     Dex 14      Spells:  4 memorised,  1 level left

rFire  . . .     SeeInvis .     w - +0 short sword
rCold  + . .     Clarity  .     g - +1 robe {rC+}
rNeg   . . .     Conserve .     (no shield)
rPois  .         rCorr    .     (helmet restricted)
rElec  .         rRot     .     (no cloak)
SustAb . .       Spirit   .     (no gloves)
rMut   .         Warding  .     (boots unavailable)
Saprov . . .     Stasis   .     (no amulet)
MR     .....                    (no ring)
                                (no ring)

@: not resistant to hostile enchantments, fairly stealthy
A: beak, talons 3
a: no special abilities


You were on level 3 of the Dungeon.
You were not hungry.

You visited 1 branch of the dungeon, and saw 3 of its levels.

You collected 93 gold pieces.

Inventory:

Hand weapons
 w - a +0,+0 short sword (weapon)
Armour
 g - a +1 robe of cold resistance (worn)
Magical devices
 q - a wand of enslavement (12)
Comestibles
 c - a bread ration
 j - 2 meat rations
 l - 2 beef jerkies
 u - an apple
 B - a choko
Scrolls
 a - 3 scrolls of immolation {unknown}
 d - 2 scrolls of remove curse
 e - a scroll of magic mapping
 f - a scroll of teleportation {unknown}
 i - a scroll of fog {unknown}
 k - a scroll of fear {unknown}
 m - a scroll of enchant armour {unknown}
 n - a scroll of amnesia {unknown}
 v - 2 scrolls of blinking {unknown}
 x - 2 scrolls of identify {unknown}
 y - a scroll of random uselessness {unknown}
Potions
 h - 3 potions of magic {unknown}
 p - a potion of heal wounds {unknown}
 r - a potion of agility {unknown}
 s - 2 potions of curing
 z - a potion of resistance {unknown}
 A - 2 potions of haste {unknown}
Books
 b - a book of Flames

   Spells                             Type                      Level
   *Flame Tongue                      Conjuration/Fire             1
   *Throw Flame                       Conjuration/Fire             2
   *Conjure Flame                     Conjuration/Fire             3
   Inner Flame                        Hexes/Fire                   3
   Sticky Flame                       Conjuration/Fire             4
   Fireball                           Conjuration/Fire             5
 t - a book of Minor Magic

   Spells                             Type                      Level
   *Magic Dart                        Conjuration                  1
   Blink                              Translocation                2
   Call Imp                           Summoning                    2
   Repel Missiles                     Charms/Air                   2
   Slow                               Hexes                        2
   *Conjure Flame                     Conjuration/Fire             3
   Mephitic Cloud                     Conjuration/Poison/Air       3


   Skills:
 - Level 2.1 Dodging
 - Level 2.0 Stealth
 + Level 2.8 Spellcasting
 * Level 3.5 Conjurations
 * Level 4.5 Fire Magic


You had one spell level left.
You knew the following spells:

 Your Spells              Type           Power        Failure   Level  Hunger
a - Flame Tongue          Conj/Fire      ###..        4%          1    #......
b - Throw Flame           Conj/Fire      ###...       8%          2    ##.....
c - Conjure Flame         Conj/Fire      ###.....     12%         3    ###....
d - Magic Dart            Conj           ##..         6%          1    #......


Dungeon Overview and Level Annotations

Branches:
Dungeon (3/15)

Altars:


Innate Abilities, Weirdness & Mutations

You have a beak for a mouth.
You have claws for feet.


Message History

The flame hits the centaur.
The centaur appears unharmed.
The centaur is moderately wounded.
The centaur hits you. x2
Casting: Flame Tongue
Confirm with . or Enter, or press ? or * to list all spells.
Aiming: Flame Tongue
Press: ? - help, Shift-Dir - straight line, f/p - centaur
Aim: a centaur (moderately wounded)
The flame hits the centaur.
The centaur is moderately wounded.
The centaur misses you.
Casting: Flame Tongue
Confirm with . or Enter, or press ? or * to list all spells.
Aiming: Flame Tongue
Press: ? - help, Shift-Dir - straight line, f/p - centaur
Aim: a centaur (moderately wounded)
The flame misses the centaur.
The centaur hits you!
* * * LOW HITPOINT WARNING * * *
The centaur hits you.
You die...

*,*,#####.####..###.####*,*,,#*
*,*,* #.* #..###.# **,,,**,
*,*,* #.* #......#***,,,**,, *
*,** #,* #.####.#,,,,***,,*
*,,,,****,* #.# *, ,**,,,**,,
*,,,,,,,,,* #.# *,,,,,,,,,**,
*,,,,,,,,,* #.# *******,*,,**
*,,,***** #.# *,**,,* **,,* *,
**#@# *,***,, **,* #....c.# ,*
**, *,* #.###### *,* **
*,*****,******** *,* #
*,,,,,,,,,,,,,,***** *,* *
***,* **** ***,*,,,*** ,* *,*
*,,,,,, *,,,,* * *,******,,,
,,***,,,,,* *,,,,,, ,,,*,,,*,,
,***


You could see a centaur.

Vanquished Creatures
  3 adders (D:2)
  2 inept item mimics
  A worm (D:2)
  A giant gecko (D:2)
  A ball python (D:2)
  6 bats
  4 giant cockroaches
  4 goblins
  7 hobgoblins
  2 quokkas (D:2)
  2 giant newts
  5 jackals
  5 kobolds
  5 rats
48 creatures vanquished.

Vanquished Creatures (collateral kills)
  An adder (D:2)
1 creature vanquished.

Grand Total: 49 creatures vanquished

Notes
Turn   | Place    | Note
--------------------------------------------------------------
     0 | D:1      | Kae, the Tengu Fire Elementalist, began the quest for the Orb.
     0 | D:1      | Reached XP level 1. HP: 10/10 MP: 3/3
   357 | D:1      | Reached XP level 2. HP: 12/15 MP: 5/5
  1033 | D:1      | Reached XP level 3. HP: 2/19 MP: 4/7
  1346 | D:2      | Reached skill level 4 in Fire Magic
  1702 | D:2      | Reached XP level 4. HP: 10/24 MP: 6/9
  2937 | D:3      | Learned a level 2 spell: Throw Flame
  2941 | D:3      | Learned a level 3 spell: Conjure Flame
  2943 | D:3      | Learned a level 1 spell: Magic Dart
  3042 | D:3      | Noticed a centaur
  3050 | D:3      | HP: 1/24 [centaur (7)]
  3050 | D:3      | Slain by a centaur

Action                   |  1- 3 |  4- 6 || total
-------------------------+-------+-------++-------
Melee: Unarmed           |    17 |       ||    17
       Dagger            |    30 |    25 ||    55
       Short sword       |       |     9 ||     9
 Cast: Flame Tongue      |    31 |    36 ||    67
Evoke: Wand              |       |     1 ||     1
  Use: Potion            |     1 |       ||     1
       Scroll            |       |     2 ||     2
 Stab: Sleeping          |     2 |     2 ||     4
